 Dungeon Crawl Stone Soup version 0.29-a0-314-gb00dd7cb4b (webtiles) character file.

Game seed: 347479414290964266

111 Bnni the Skirmisher (level 5, -2/38 (43) HPs)
             Began as a Formicid Abyssal Knight on Mar 29, 2022.
             Was a Priest of Lugonu.
             Slain by a wight
             ... wielding a +0 great sword
              (5 damage)
             ... on level 2 of the Dungeon.
             The game lasted 00:04:56 (2498 turns).

Bnni the Skirmisher (Formicid Abyssal Knight)       Turns: 2498, Time: 00:04:57

HP:   -2/38 (43)    AC: 14    Str: 19    XL:     5   Next: 15%
MP:   6/6           EV:  5    Int: 10    God:    Lugonu [***...]
Gold: 113           SH:  0    Dex: 11    Spells: 4/4 levels left

rFire   . . .      SeeInvis +   a - +1 hand axe
rCold   . . .      Faith    .   (no shield)
rNeg    . . .      Spirit   .   m - +0 plate armour
rPois   .          Reflect  .   (helmet unavailable)
rElec   .          Harm     .   n - +2 cloak {rCorr}
rCorr   +          Rampage  .   (no gloves)
Will    .....                   (no boots)
Stlth   ..........              (no amulet)
HPRegen 0.12/turn               (no ring)
MPRegen 0.10/turn               (no ring)

@: heavily drained
A: permanent stasis, dig shafts and tunnels, antennae 3, four strong arms
a: Dig, Shaft Self, Renounce Religion, Depart the Abyss, Bend Space, Banish


You were on level 2 of the Dungeon.
You worshipped Lugonu.
Lugonu was most pleased with you.
You visited 1 branch of the dungeon, and saw 3 of its levels.
You visited the Abyss 1 time.

You collected 113 gold pieces.

Inventory:

Hand Weapons
 a - a +1 hand axe (weapon)
 j - a +2 dagger of venom
Armour
 m - a +0 plate armour (worn)
 n - a +2 cloak of preservation (worn)
Scrolls
 b - a scroll of enchant armour
 f - a scroll of identify
 h - a scroll of fear {unknown}
 i - 2 scrolls of amnesia {unknown}
Potions
 c - a potion of heal wounds {unknown}
 d - a potion of attraction {unknown}
 e - 2 potions of mutation
 g - a potion of curing {unknown}
 k - a potion of haste {unknown}
 l - a potion of magic {unknown}


   Skills:
 + Level 4.3 Fighting
 * Level 4.2 Axes
 - Level 2.1 Armour
 - Level 0.8 Dodging
 - Level 2.1 Invocations


You had 4 spell levels left.
You didn't know any spells.
Your spell library contained the following spells:

 Spells                   Type           Power      Damage    Failure   Level
 Sting                    Tmut/Pois      0%         1d3       100%        1
 Poisonous Vapours        Pois/Air       0%         N/A       100%        2
 Olgreb's Toxic Radiance  Pois           0%         N/A       100%        4


Dungeon Overview and Level Annotations

Branches:
Dungeon (3/15)

Altars:


Innate Abilities, Weirdness & Mutations

You cannot be hasted, slowed, berserked, paralysed or teleported.
You can dig through walls and to a lower floor.
You have a pair of large antennae on your head. (SInv)
Your four strong arms can wield two-handed weapons with a shield.


Message History

You feel drained.
There is a stone staircase leading up, spattered with blood here.
You closely miss the wight.
The wight hits you with a +0 great sword.
A wight comes into view. It is wielding a +0 halberd.
Unknown command.
The wight hits you but does no damage.
You climb upwards.
There is a stone staircase leading down here.
The wight attacks as you move away!
The wight hits you with a +0 great sword.
You feel drained.
You slash the wight!
The wight is heavily damaged.
The wight hits you with a +0 great sword.
You feel drained.
You are too injured to fight recklessly!
You are too injured to fight recklessly!
You hit the wight.
The wight is severely damaged.
The wight hits you but does no damage.
You hit the wight but do no damage.
The wight is severely damaged.
The wight hits you with a +0 great sword!
You closely miss the wight.
The wight is severely damaged.
The wight hits you with a +0 great sword!
* * * LOW HITPOINT WARNING * * *
Okay, then.
Unknown command.
You hit the wight but do no damage.
The wight is severely damaged.
The wight barely misses you.
You barely miss the wight.
The wight is severely damaged.
The wight barely misses you.
You hit the wight but do no damage.
The wight is severely damaged.
The wight hits you with a +0 great sword.
You die...

..# #.##......###.# ..#
##.#..###### #.#
#.######....### #.##
##............## #..##
#.............# ##<.##
#######.#..#..# ##..###
#######.##.#### ##..>###
#.......##)##############...#
#..#######..>.z@...........##
#..# ##...###############
##.######....# ##........##.#
#...#..#####.# ######.# #.#
#.# #.### ###### #.# #...#
#....# ####.# ###.# #.##.##


You could see a wight.

Vanquished Creatures
  Crazy Yiuf (D:2)
  3 adders (D:2)
  2 dart slugs
  9 endoplasms
  3 giant cockroaches
  4 goblins
  8 hobgoblins
  2 jackals (D:1)
  4 kobolds
  4 ball pythons
  4 bats
  A frilled lizard (D:2)
  9 rats
54 creatures vanquished.

Vanquished Creatures (others)
  2 starspawn tentacles (Abyss:1)
2 creatures vanquished.

Grand Total: 56 creatures vanquished

Notes
Turn   | Place    | Note
-------+----------+-------------------------------------------
     0 | Abyss:1  | Bnni the Formicid Abyssal Knight began the quest for the
                  | Orb.
     0 | Abyss:1  | Reached XP level 1. HP: 18/18 MP: 2/2
    32 | Abyss:1  | Noticed a tentacled starspawn
    51 | D:1      | Escaped the Abyss
    75 | D:1      | Reached XP level 2. HP: 8/24 MP: 3/3
   559 | D:1      | Reached XP level 3. HP: 26/29 MP: 4/4
   713 | D:1      | Reached *** piety under Lugonu
   962 | D:1      | Found a faded altar of an unknown god.
  1501 | D:2      | Reached XP level 4. HP: 33/37 MP: 5/5
  2222 | D:2      | Found a runed translucent door.
  2223 | D:2      | Noticed Crazy Yiuf
  2230 | D:2      | Killed Crazy Yiuf
  2426 | D:2      | Reached XP level 5. HP: 37/42 MP: 6/6
  2498 | D:2      | Slain by a wight

Illustrated notes

Levels and vault maps discovered:
D:1:      evilmike_arrival_crescent, layout_rooms,
          hellmonk_ecumenical_altar_prayer_group, nrook_mini_vaults
D:2:      layout_rooms, serial_curves, eino_curves_04, eino_curves_02,
          kennysheep_donut, uniq_crazy_yiuf_cottage
D:3:      layout_rooms, nicolae_vehumet_radiance, serial_bayou_ford_a,
          uniq_natasha

Skill      XL: |  1  2  3  4 |
---------------+-------------+-----
Axes           | 3 4 |  4.2
Fighting       | 4 |  4.3
Armour         | |  2.1
Dodging        | |  0.8
Invocations    | |  2.1

Action                   |  1- 3 |  4- 6 || total
-------------------------+-------+-------++-------
Melee: Hand axe          |    96 |     9 ||   105
       Dagger            |       |    55 ||    55
  Use: Scroll            |     4 |       ||     4
 Stab: Invisible         |       |     1 ||     1
Armor: Leather armour    |    36 |     5 ||    41
       Plate armour      |       |    46 ||    46
Dodge: Dodged            |    74 |    18 ||    92

Table legend: (Time is in decaauts)
 A = Elapsed time spent in this place.
 B = Non-inter-level travel time spent in this place.
 C = Inter-level travel time spent in this place.
 D = Time resting spent in this place.
 E = Time spent auto-exploring this place.
 F = Levels seen in this place.
 G = Mean time per level.
                   A        B        C        D        E       F      G
               +--------+--------+--------+--------+--------+-----+--------+
         Total |   2514 |   2461 |     53 |    496 |   1531 |   4 |  628.5 |
       Dungeon |   2463 |   2410 |     53 |    496 |   1531 |   3 |  821.0 |
         Abyss |     51 |     51 |      0 |      0 |      0 |   1 |   51.0 |
               +--------+--------+--------+--------+--------+-----+--------+

Top non-repeatable levels by time:
     D:2: 1266 daAuts
     D:1: 1186 daAuts
 Abyss:1: 51 daAuts
     D:3: 10 daAuts
